 Dungeon Crawl Stone Soup version 0.23.2-1-ga50397a (webtiles) character file.

Game seed: 8328683686762992238

203 Kahsius the Chopper (level 5, -2/47 HPs)
             Began as a Minotaur Berserker on Apr 25, 2019.
             Was a Believer of Trog.
             Slain by a gnoll
             ... wielding a +0 whip
              (4 damage)
             ... on level 4 of the Dungeon.
             The game lasted 00:07:11 (2808 turns).

Kahsius the Chopper (Minotaur Berserker)            Turns: 2808, Time: 00:07:12

Health: -2/47      AC: 11    Str: 21    XL:     5   Next: 51%
Magic:  4/4        EV:  7    Int:  4    God:    Trog [**....]
Gold:   153        SH:  0    Dex: 11    Spells: 4/4 levels left

rFire    . . .     SeeInvis .   a - +0 hand axe
rCold    . . .     Gourm    .   (no shield)
rNeg     . . .     Faith    .   s - +0 plate armour
rPois    .         Spirit   .   (helmet restricted)
rElec    .         Reflect  .   (no cloak)
rCorr    .         Harm     .   (no gloves)
MR       .....                  (no boots)
Stlth    ..........             (no amulet)
HPRegen  0.15/turn              (no ring)
MPRegen  0.09/turn              (no ring)

@: berserk cooldown, starving, slowed, very slow
A: retaliatory headbutt, horns 2
a: Berserk, Trog's Hand, Renounce Religion


You were on level 4 of the Dungeon.
You worshipped Trog.
Trog was pleased with you.
You were starving.

You visited 1 branch of the dungeon, and saw 4 of its levels.

You collected 153 gold pieces.

Inventory:

Hand Weapons
 a - a +0 hand axe (weapon)
Armour
 s - a +0 plate armour (worn)
Jewellery
 i - a cursed -4 ring of strength {unknown}
 n - an uncursed amulet of the acrobat {unknown}
 q - an uncursed amulet of harm {unknown}
Scrolls
 b - a scroll of fog {unknown}
 d - 2 scrolls of remove curse {unknown}
 f - a scroll of teleportation {unknown}
 g - 2 scrolls of immolation {unknown}
 l - 2 scrolls of amnesia {unknown}
 m - a scroll of magic mapping {unknown}
 p - a scroll of identify {unknown}
 r - a scroll of enchant weapon {unknown}
 t - a scroll of enchant armour {unknown}
Potions
 e - a potion of curing
 h - 2 potions of heal wounds {unknown}
 j - a potion of berserk rage {unknown}
 k - a potion of agility {unknown}
 o - a potion of resistance {unknown}
Comestibles
 c - 6 rations


   Skills:
 + Level 4.7 Fighting
 * Level 5.5 Axes
 + Level 3.8 Armour
 + Level 3.3 Dodging


You had 4 spell levels left.
You didn't know any spells.
Your spell library was empty.

Dungeon Overview and Level Annotations

Branches:
Dungeon (4/15)
 Temple: D:4-7

Altars:
The Shining One


Innate Abilities, Weirdness & Mutations

You reflexively headbutt those who attack you in melee.
You have a pair of horns on your head.


Message History

The gnoll hits you with a +0 whip.
* * * LOW HITPOINT WARNING * * *
The gnoll hits you from afar with a +0 halberd!
* * * LOW HITPOINT WARNING * * *
It was a potion of curing.
You feel better. The hound bites you but does no damage.
The gnoll hits you but does no damage. The hound bites you but does no damage.
The gnoll hits you but does no damage.
The gnoll hits you with a +0 flail of protection.
* * * LOW HITPOINT WARNING * * *
The gnoll closely misses you. The gnoll hits you but does no damage.
The hound bites you.
* * * LOW HITPOINT WARNING * * *
Okay, then.
You slash the hound! Your headbutt misses the hound.
The hound is severely wounded.
You hit the gnoll but do no damage. You completely miss the gnoll.
The gnoll hits you with a +0 flail of protection.
* * * LOW HITPOINT WARNING * * *
The hound bites you but does no damage. The gnoll hits you with a +0 whip.
You die... .g ...#####...### #.# .gg

....####...#####.# .g
..............##.#
#.###.#.#####.##...... #
#...g.# #.##.#....
.#.#.##..# #.##......
......g..# ##.##.....#
###..##g####...#.##..####
#....g@h...#...##......
#.###.####...####..####
#.# .## #...... #.# .#
#.##### ###.#####.# #.#
#.........# #.#
#.######.######.# #.#
#........# #.# ####.#####


You could see a hound and 4 gnolls.

Vanquished Creatures
  A bullfrog skeleton (D:4)
  A hound (D:4)
  A gnoll shaman (D:4)
  A gnoll (D:4)
  3 adders
  A white imp (D:4)
  2 oozes (D:3)
  2 leopard geckos
  An orc (D:3)
  2 giant cockroaches
  6 goblins
  7 hobgoblins
  6 kobolds
  3 quokkas
  A ball python (D:3)
  10 bats
  7 frilled lizards
  A goblin skeleton (D:4)
  A goblin zombie (D:4)
  A kobold skeleton (D:4)
  2 kobold zombies (D:4)
  An orc zombie (D:4)
  8 rats
69 creatures vanquished.

Notes
Turn   | Place    | Note
-------+----------+-------------------------------------------
     0 | D:1      | Kahsius the Minotaur Berserker began the quest for the Orb.
     0 | D:1      | Reached XP level 1. HP: 19/19 MP: 0/0
   115 | D:1      | Reached XP level 2. HP: 22/27 MP: 1/1
   125 | D:1      | Reached skill level 4 in Axes
   799 | D:2      | Reached XP level 3. HP: 30/33 MP: 2/2
   980 | D:2      | Reached ** piety under Trog
  2200 | D:3      | Reached XP level 4. HP: 34/40 MP: 3/3
  2591 | D:4      | Found a glowing golden altar of the Shining One.
  2618 | D:4      | Reached skill level 5 in Axes
  2795 | D:4      | Reached XP level 5. HP: 47/47 MP: 4/4
  2806 | D:4      | HP: 2/47 [gnoll/+0 halberd (12)]
  2808 | D:4      | Slain by a gnoll

Skill      XL: |  1  2  3  4 |
---------------+-------------+-----
Axes           | 4 5 |  5.5
Fighting       | 4 |  4.7
Armour         | 3 |  3.8
Dodging        | 3 |  3.3

Action                   |  1- 3 |  4- 6 || total
-------------------------+-------+-------++-------
Melee: Hand axe          |   100 |    57 ||   157
       Headbutt          |    10 |     9 ||    19
Invok: Berserk           |       |     1 ||     1
  Use: Potion            |       |     1 ||     1
  Eat: Chunk             |     4 |     1 ||     5
Armor: Animal skin       |     8 |       ||     8
       Leather armour    |    29 |       ||    29
       Ring mail         |     2 |       ||     2
       Plate armour      |       |    31 ||    31
Dodge: Dodged            |    82 |    30 ||   112
